 Dungeon Crawl Stone Soup version 0.30-a0-964-gd452b5e7fa (webtiles) character file.

Game seed: 13550958626963271771

4113 123456 the Geomancer (level 10, -3/50 HPs)
             Began as a Gargoyle Earth Elementalist on Mar 30, 2023.
             Was an Initiate of Gozag.
             Slain by Harold
             ... wielding a +0 hand axe of flaming
              (12 damage)
             ... on level 9 of the Dungeon.
             The game lasted 00:13:16 (9307 turns).

123456 the Geomancer (Gargoyle Earth Elementalist)  Turns: 9307, Time: 00:13:18

Health: -3/50      AC: 14    Str: 18    XL:     10   Next: 26%
Magic:  0/21       EV: 13    Int: 19    God:    Gozag
Gold:   713        SH:  0    Dex: 16    Spells: 14/24 levels left

rFire   . . .      SeeInvis .    u - +3 short sword (elec)
rCold   . . .      Faith    .    (no shield)
rNeg    + . .      Spirit   .    a - +0 robe
rPois   ∞          Reflect  .    (no helmet)
rElec   +          Rampage  .    (no cloak)
rCorr   .                        (no gloves)
Will    .....                    c - +0 pair of boots
Stlth   ++++                     (no amulet)
HPRegen 0.28/turn                y - ring "Ycul Tei" {rPois Str+5 Dex+6 Stlth+}
MPRegen 0.17/turn                d - +4 ring of protection

@: no status effects
A: sickness immunity, AC +7, negative energy resistance 1, electricity
resistance, torment resistance 1, petrification resistance
a: Renounce Religion, Potion Petition, Call Merchant, Bribe Branch


You were on level 9 of the Dungeon.
You worshipped Gozag.
Gozag was pleased with you.
You visited 2 branches of the dungeon, and saw 10 of its levels.

You collected 814 gold pieces.
You paid 101 gold pieces to Gozag.

Inventory:

Hand Weapons
 g - a +1 dagger of venom
 u - a +3 short sword of electrocution (weapon)
Missiles
 k - 2 throwing nets
Armour
 a - a +0 robe (worn)
 c - a +0 pair of boots (worn)
Jewellery
 d - a +4 ring of protection (right hand)
 h - a ring of flight
 y - the ring "Ycul Tei" (left hand) {rPois Str+5 Dex+6 Stlth+}
   (You found it on level 8 of the Dungeon)

   [ring of dexterity]

   Str:       It affects your strength (+5).
   Dex:       It affects your dexterity (+6).
   rPois:     It protects you from poison.
   Stlth:     It makes you more stealthy.
Wands
 x - a wand of polymorph (13)
Scrolls
 f - 5 scrolls of teleportation
 i - 5 scrolls of immolation
 j - 2 scrolls of blinking
 l - 2 scrolls of amnesia
 p - a scroll of fog
 s - a scroll of poison
 v - a scroll of enchant armour
 w - 3 scrolls of magic mapping
 A - a scroll of silence {unknown}
Potions
 b - a potion of magic
 e - 5 potions of lignification
 m - 3 potions of curing
 o - 3 potions of flight
 q - a potion of haste
 r - a potion of invisibility
 t - a potion of mutation {unknown}
 z - a potion of brilliance {unknown}
 B - a potion of degeneration {unknown}
 C - a potion of might {unknown}


   Skills:
 - Level 4.0 Dodging
 - Level 6.0 Stealth
 * Level 7.9 Spellcasting
 + Level 6.1 Conjurations
 - Level 0.7 Transmutations
 * Level 10.6 Earth Magic


You had 14 spell levels left.
You knew the following spells:

 Your Spells              Type           Power      Damage    Failure   Level
a - Sandblast             Erth           94%        2d19      1%          1
b - Stone Arrow           Conj/Erth      78%        3d11      1%          3
c - Searing Ray           Conj           60%        2d6       1%          2
d - Airstrike             Air            3%         2d(1-17)  67%         4

Your spell library contained the following spells:

 Spells                   Type           Power      Damage    Failure   Level
 Magic Dart               Conj           100%       1d8       1%          1
 Passwall                 Tmut/Erth      24%        N/A       1%          2
 Shock                    Conj/Air       76%        1d7       2%          1
 Beastly Appendage        Tmut           20%        N/A       7%          1
 Petrify                  Tmut/Erth      29%        N/A       9%          4
 Wereblood                Tmut           10%        N/A       11%         2
 Lesser Beckoning         Tloc           14%        N/A       14%         2
 Spider Form              Tmut/Pois      8%         N/A       24%         3
 Fulminant Prism          Conj/Hex       9%         3d7       26%         4
 Gell's Gravitas          Tloc           7%         N/A       28%         3
 Swiftness                Air            7%         N/A       28%         3
 Teleport Other           Tloc           7%         N/A       28%         3


Dungeon Overview and Level Annotations

Branches:
Dungeon (9/15)             Temple (1/1) D:4
   Lair: D:8-11         Orc: D:9-12

Altars:
Ashenzari
Cheibriados
Dithmenos
Elyvilon
Fedhas
Gozag
Hepliaklqana
Kikubaaqudgha
Makhleb
Nemelex Xobeh
Okawaru
Qazlal
Ru
Sif Muna
Trog
Uskayaw
Vehumet
Wu Jian
Xom
Zin
The Shining One

Annotations:
D:5 1 runed translucent door, ThatPearl's ghost, novice DjIE
D:9 Harold


Innate Abilities, Weirdness & Mutations

You are immune to sickness and miasma.
Your stone body is resilient. (AC +7)
You are immune to poison.
You resist negative energy. (rN+)
You are resistant to electric shocks. (rElec)
You are resistant to unholy torment.
You are immune to petrification.


Message History

Casting: Stone Arrow (safe; 1% risk of failure)
Confirm with . or Enter, or press ? or * to list all spells.
Aiming: Stone Arrow (safe; 1% risk of failure)
Press: ? - help, Shift-Dir - straight line, f/p - Harold
Aim: Harold, wielding a +0 hand axe of flaming, wearing a +0 scale mail and quivering 4 throwing nets (heavily wounded, 84% to hit)
The stone arrow hits Harold!
Harold is severely wounded.
Harold hits you with a +0 hand axe of flaming!
Harold burns you.
Casting: Stone Arrow (safe; 1% risk of failure)
Confirm with . or Enter, or press ? or * to list all spells.
Aiming: Stone Arrow (safe; 1% risk of failure)
Press: ? - help, Shift-Dir - straight line, f/p - Harold
Aim: Harold, wielding a +0 hand axe of flaming, wearing a +0 scale mail and quivering 4 throwing nets (severely wounded, 84% to hit)
The stone arrow hits Harold!
Harold is almost dead.
Harold hits you with a +0 hand axe of flaming!
* * * LOW HITPOINT WARNING * * *
Harold burns you.
* * * LOW HITPOINT WARNING * * *
You feel much better.
Harold hits you with a +0 hand axe of flaming!
* * * LOW HITPOINT WARNING * * *
Harold burns you.
* * * LOW HITPOINT WARNING * * *
You feel much better. Harold gestures at you while chanting.
You barely resist.
Aiming: Sandblast (safe; 1% risk of failure)
Press: ? - help, Q - select action, (/) - cycle Shift-Dir - straight line, f/p - Harold
Aim: Harold, wielding a +0 hand axe of flaming, wearing a +0 scale mail and quivering 4 throwing nets (almost dead, 91% to hit)
The blast of sand hits Harold.
Harold is almost dead.
Harold hits you with a +0 hand axe of flaming!
* * * LOW HITPOINT WARNING * * *
Harold burns you.
* * * LOW HITPOINT WARNING * * *
Harold hits you with a +0 hand axe of flaming!
You die...
Your body crumbles into a pile of gold.

.................[#
###..####.........#
#..# #.........#
#..####.........#
###...............#
..................#
..................#
############......#
#....@.# #....@.#
#.##...# #......#
#......# #......#
#..##..# #.. #..#


You could see Harold.

Vanquished Creatures
  A two-headed ogre (D:8)
  A wyvern (D:9)
  5 yaks (D:8)
  A steam dragon (D:7)
  An ice beast (D:6)
  2 black bears
  2 ogres
  4 centaurs
  2 phantoms (D:7)
  A bullfrog (D:4)
  Blork the orc (D:5)
  A gnoll sergeant (D:9)
  A scorpion (D:6)
  5 wights (D:8)
  9 howler monkeys
  3 jellies
  3 orc priests
  2 gnoll boudas
  4 hounds
  4 iguanas
  2 orc wizards (D:7)
  14 gnolls
  2 adders
  A shadow imp (D:7)
  A white imp (D:6)
  An ufetubus (D:4)
  A worm (D:5)
  2 dart slugs
  21 orcs
  8 ball pythons
  4 bats
  4 endoplasms
  7 giant cockroaches
  2 goblins
  3 hobgoblins (D:1)
  A jackal (D:3)
  A kobold (D:1)
  4 quokkas
  3 frilled lizards (D:3)
  2 rats
137 creatures vanquished.

Notes
Turn   | Place    | Note
-------+----------+-------------------------------------------
     0 | D:1      | 123456 the Gargoyle Earth Elementalist began the quest for
                  | the Orb.
     0 | D:1      | Reached XP level 1. HP: 10/10 MP: 3/3
   161 | D:1      | Reached XP level 2. HP: 15/15 MP: 1/5
   338 | D:1      | Reached skill level 4 in Earth Magic
  1183 | D:2      | Reached XP level 3. HP: 19/19 MP: 4/6
  1206 | D:2      | Learned a level 3 spell: Stone Arrow
  1523 | D:2      | Reached XP level 4. HP: 7/24 MP: 0/8
  1524 | D:2      | HP: 1/24 [gnoll/+0 whip (5)]
  2029 | D:2      | Reached skill level 1 in Conjurations
  2117 | D:3      | Reached XP level 5. HP: 28/28 MP: 5/9
  2649 | D:3      | Reached skill level 5 in Earth Magic
  3237 | D:4      | Found a staircase to the Ecumenical Temple.
  3246 | Temple   | Entered the Ecumenical Temple
  3345 | D:4      | Found a radiant altar of Vehumet.
  3462 | D:4      | Reached XP level 6. HP: 30/32 MP: 6/11
  4558 | D:5      | Entered Level 5 of the Dungeon
  4561 | D:5      | Noticed a black bear
  4777 | D:5      | Noticed Blork the orc
  4841 | D:5      | Killed Blork the orc
  4842 | D:5      | Reached XP level 7. HP: 16/36 MP: 0/13
  4957 | D:5      | Reached skill level 6 in Earth Magic
  5001 | D:5      | Found a runed translucent door.
  5013 | D:5      | Noticed ThatPearl's ghost (novice DjIE)
  5745 | D:5      | Found a glowing silver altar of Zin.
  6289 | D:6      | Reached XP level 8. HP: 32/41 MP: 10/15
  6420 | D:6      | Reached skill level 7 in Earth Magic
  6439 | D:6      | Found an ornate altar of the Wu Jian Council.
  6440 | D:6      | Found a shimmering blue altar of Sif Muna.
  6651 | D:6      | Found a sacrificial altar of Ru.
  6726 | D:6      | Reached skill level 5 in Spellcasting
  6794 | D:6      | Found an opulent altar of Gozag.
  6802 | D:6      | Became a worshipper of Gozag Ym Sagoz the Greedy
  7070 | D:6      | Reached skill level 5 in Stealth
  7651 | D:7      | Found a shadowy altar of Dithmenos.
  7791 | D:7      | Reached skill level 8 in Earth Magic
  7791 | D:7      | Reached XP level 9. HP: 45/45 MP: 13/17
  7794 | D:7      | Learned a level 2 spell: Searing Ray
  7799 | D:7      | Learned a level 4 spell: Airstrike
  8313 | D:8      | Identified the ring "Ycul Tei" {rPois Str+5 Dex+6 Stlth+}
  8379 | D:8      | Reached skill level 9 in Earth Magic
  8380 | D:8      | Reached skill level 5 in Conjurations
  8392 | D:8      | Noticed a two-headed ogre
  8528 | D:8      | Killed a two-headed ogre
  8529 | D:8      | Reached skill level 10 in Earth Magic
  8529 | D:8      | Reached XP level 10. HP: 22/50 MP: 4/21
  8973 | D:8      | Found a hazy altar of Hepliaklqana.
  9294 | D:9      | Noticed Harold
  9307 | D:9      | Slain by Harold

Illustrated notes

Levels and vault maps discovered:
D:1:      dpeg_arrival_rhombi, layout_rooms, serial_corexii_hall,
          corexii_hall_statues_i, corexii_hall_statues_deadend,
          corexii_hall_statues_t, corexii_hall_statues_l
D:2:      layout_loops_corners
D:3:      layout_basic, portal_sewer_entry_f, minmay_starry_boxes
D:4:      layout_layer_cave, lemuel_doored_altar, lemuel_temple_firewalk_b,
          hex_tiny, minivault_25
D:5:      layout_basic, kennysheep_mini_moat, ebering_ghost_sewer_d,
          uniq_blork_the_orc
D:6:      layout_gridville, lemuel_crystal_altar, grunt_temple_overflow_open,
          hangedman_decor_slide_cut
D:7:      layout_loops_cross, grunt_dithmenos_smoke_and_mirrors
D:8:      layout_cave_pools, worldfamousw_hep_ancestral_shrine
D:9:      lemuel_castle_with_subvaults [lemuel_castle_interior_original],
          layout_stronghold, kennysheep_mini, hangedman_decor_growths,
          uniq_harold
Temple:   cyrus_circular_temple

Skill      XL: |  1  2  3  4  5  6  7  8  9 10 |
---------------+-------------------------------+-----
Earth Magic    | 4 5 6 8 10 | 10.6
Dodging        | 2 3 4 |  4.0
Stealth        | 3 4 5 6 |  6.0
Conjurations   | 1 2 3 4 5 6 |  6.1
Spellcasting   | 3 4 5 7 |  7.9
Transmutations | |  0.7

Action                     |  1- 3 |  4- 6 |  7- 9 | 10-12 || total
---------------------------+-------+-------+-------+-------++-------
  Melee: Dagger            |     5 |    50 |    11 |       ||    66
         Unarmed           |     1 |       |       |       ||     1
         Short sword       |       |       |    38 |       ||    38
         Punch             |       |       |     1 |       ||     1
   Cast: Sandblast         |    38 |    52 |    80 |    24 ||   194
         Stone Arrow       |       |    10 |    32 |     7 ||    49
         Searing Ray       |       |       |     1 |       ||     1
    Use: Scroll            |     3 |     6 |     6 |       ||    15
         Potion            |       |     1 |       |     2 ||     3
   Stab: Sleeping          |       |     2 |       |       ||     2
 Armour: Robe              |     8 |    37 |    43 |     3 ||    91
  Dodge: Dodged            |    17 |    58 |    96 |     7 ||   178

Table legend: (Time is in decaauts)
 A = Elapsed time spent in this place.
 B = Non-inter-level travel time spent in this place.
 C = Inter-level travel time spent in this place.
 D = Time resting spent in this place.
 E = Time spent auto-exploring this place.
 F = Levels seen in this place.
 G = Mean time per level.
                   A        B        C        D        E       F      G
               +--------+--------+--------+--------+--------+-----+--------+
         Total |   9405 |   8989 |    416 |   1299 |   6511 |  10 |  940.5 |
       Dungeon |   9346 |   8938 |    408 |   1299 |   6469 |   9 | 1038.4 |
        Temple |     59 |     51 |      8 |      0 |     42 |   1 |   59.0 |
               +--------+--------+--------+--------+--------+-----+--------+

Top non-repeatable levels by time:
     D:4: 1571 daAuts
     D:5: 1394 daAuts
     D:2: 1309 daAuts
     D:6: 1281 daAuts
     D:3: 1108 daAuts
     D:7: 962 daAuts
     D:1: 802 daAuts
     D:8: 684 daAuts
     D:9: 232 daAuts
  Temple: 59 daAuts
